PBL
SAN DIEGO PADRES @ MONTREAL EXPOS
05/13/2071
 
TOP OF THE 1ST
San Diego Padres batting - Pitching for Montreal Expos : LHP Michael Minor
Pitching: LHP Michael Minor
Batting: RHB António González 0-0: Called Strike
0-1: Ball
1-1: SINGLE (Groundball, 34D, EV 94.4 MPH)
Batting: RHB Jorge Gonzáles 0-0: Ball
1-0: Called Strike
1-1: Swinging Strike
1-2: Strikes out swinging
Batting: RHB Carlos Núñez 0-0: Called Strike
0-1: SINGLE (Line Drive, 8RS, EV 91.9 MPH)
António González to second
Batting: LHB Raúl Valenzuela 0-0: Called Strike
António González steals 3rd base
0-1: Grounds into double play, 4-6-3 (Groundball, 4, EV 98.8 MPH)
Top of the 1st over - 0 runs, 2 hits, 0 errors, 1 left on base; San Diego 0 - Montreal 0
BOTTOM OF THE 1ST
Montreal Expos batting - Pitching for San Diego Padres : LHP Chip Sampson
Pitching: LHP Chip Sampson
Batting: RHB Henry Treleaven 0-0: Called Strike
0-1: Ground out 6-3 (Groundball, 6, EV 107.5 MPH)
Batting: RHB Ed Basset 0-0: Called Strike
0-1: Ball
1-1: Ball
2-1: Ball
3-1: Called Strike
3-2: Fly out, F9 (Flyball, 89M, EV 90.0 MPH)
Batting: RHB Roy López 0-0: Ball
1-0: Ball
2-0: Ball
3-0: Called Strike
3-1: Foul Ball, location: 2F
3-2: Foul Ball, location: 2F
3-2: Foul Ball, location: 9LDF
3-2: Base on Balls
Batting: LHB Oscar Blackwell 0-0: Swinging Strike
0-1: Swinging Strike
0-2: Foul Ball, location: 3DF
0-2: Ball
1-2: Foul Ball, location: 23F
1-2: Strikes out swinging
Bottom of the 1st over - 0 runs, 0 hits, 0 errors, 1 left on base; San Diego 0 - Montreal 0
TOP OF THE 2ND
San Diego Padres batting - Pitching for Montreal Expos : LHP Michael Minor
Batting: LHB Wook-jin Ki 0-0: Ball
1-0: Foul Ball, location: 5F
1-1: Foul Ball, location: 7LDF
1-2: Strikes out swinging
Batting: RHB Jonathan Roehl 0-0: Foul Ball, location: 7LSF
0-1: Ball
1-1: Ball
2-1: Foul Ball, location: 2LF
2-2: Strikes out looking
Batting: RHB Marvin Stewart 0-0: Ball
1-0: Foul Ball, location: 5SF
1-1: Swinging Strike
1-2: Ball
2-2: Strikes out swinging
Top of the 2nd over - 0 runs, 0 hits, 0 errors, 0 left on base; San Diego 0 - Montreal 0
BOTTOM OF THE 2ND
Montreal Expos batting - Pitching for San Diego Padres : LHP Chip Sampson
Batting: RHB Robin Lewis 0-0: Ball
1-0: Ball
2-0: Ball
3-0: Called Strike
3-1: Foul Ball, location: 25F
3-2: Strikes out swinging
Batting: LHB Armando Torres 0-0: Ball
1-0: Fly out, F9 (Line Drive, 9LM, EV 85.0 MPH)
Batting: RHB Felipe Rivas 0-0: Ball
1-0: Swinging Strike
1-1: Called Strike
1-2: Strikes out swinging
Bottom of the 2nd over - 0 runs, 0 hits, 0 errors, 0 left on base; San Diego 0 - Montreal 0
TOP OF THE 3RD
San Diego Padres batting - Pitching for Montreal Expos : LHP Michael Minor
Batting: RHB Salvador Reyes 0-0: Ball
1-0: Called Strike
1-1: SOLO HOME RUN (Line Drive, 78XD, EV 110.6 MPH), Distance : 434 ft
Batting: RHB Dave Ein 0-0: Ball
1-0: Foul Ball, location: 2F
1-1: Called Strike
1-2: Strikes out swinging
Batting: RHB António González 0-0: Fly out, F8 (Flyball, 8LD, EV 99.4 MPH)
Batting: RHB Jorge Gonzáles 0-0: Ball
1-0: Fly out, F7 (Flyball, 78M, EV 80.0 MPH)
Top of the 3rd over - 1 run, 1 hit, 0 errors, 0 left on base; San Diego 1 - Montreal 0
BOTTOM OF THE 3RD
Montreal Expos batting - Pitching for San Diego Padres : LHP Chip Sampson
Batting: RHB Pedro Bautista 0-0: Called Strike
0-1: Ball
1-1: Fly out, F9 (Flyball, 89S, EV 94.4 MPH)
Batting: LHB Mike Downs 0-0: Called Strike
0-1: Ball
1-1: Ground out 4-3 (Groundball, 4, EV 103.1 MPH)
Batting: RHB Henry Treleaven 0-0: Foul Ball, location: 2F
0-1: Ball
1-1: Ball
2-1: Foul Ball, location: 2F
2-2: SINGLE (Groundball, 4S, EV 68.8 MPH) (infield hit)
Batting: RHB Ed Basset 0-0: Fly out, F7 (Flyball, 7LD, EV 82.5 MPH)
Bottom of the 3rd over - 0 runs, 1 hit, 0 errors, 1 left on base; San Diego 1 - Montreal 0
TOP OF THE 4TH
San Diego Padres batting - Pitching for Montreal Expos : LHP Michael Minor
Batting: RHB Carlos Núñez 0-0: Ball
1-0: Ball
2-0: Fly out, F1 (Line Drive, P, EV 65.6 MPH)
Batting: LHB Raúl Valenzuela 0-0: Ball
1-0: Called Strike
1-1: Ball
2-1: Foul Ball, location: 25F
2-2: Foul Ball, location: 3FF
2-2: Ball
3-2: Foul Ball, location: 2F
3-2: Base on Balls
Batting: LHB Wook-jin Ki 0-0: Foul Ball, location: 5F
0-1: Foul Ball, location: 3FF
0-2: Ball
1-2: Strikes out swinging
Batting: RHB Jonathan Roehl 0-0: Ball
1-0: Called Strike
1-1: Called Strike
1-2: Strikes out swinging
Top of the 4th over - 0 runs, 0 hits, 0 errors, 1 left on base; San Diego 1 - Montreal 0
BOTTOM OF THE 4TH
Montreal Expos batting - Pitching for San Diego Padres : LHP Chip Sampson
Batting: RHB Roy López 0-0: Ball
1-0: SINGLE (Groundball, 34D, EV 99.4 MPH)
Batting: LHB Oscar Blackwell 0-0: Ball
1-0: Ball
2-0: Called Strike
2-1: Swinging Strike
2-2: Ball
3-2: Foul Ball, location: 5DF
3-2: Strikes out swinging
Batting: RHB Robin Lewis 0-0: Ball
1-0: Fly out, F9 (Flyball, 9D, EV 95.0 MPH)
Batting: LHB Armando Torres 0-0: Ball
1-0: Called Strike
1-1: Swinging Strike
1-2: Strikes out swinging
Bottom of the 4th over - 0 runs, 1 hit, 0 errors, 1 left on base; San Diego 1 - Montreal 0
TOP OF THE 5TH
San Diego Padres batting - Pitching for Montreal Expos : LHP Michael Minor
Batting: RHB Marvin Stewart 0-0: Ball
1-0: Ground out 4-3 (Groundball, 4, EV 78.1 MPH)
Batting: RHB Salvador Reyes 0-0: Foul Ball, location: 2F
0-1: Ball
1-1: Fly out, F8 (Flyball, 89D, EV 87.5 MPH)
Batting: RHB Dave Ein 0-0: Ball
1-0: Called Strike
1-1: Called Strike
1-2: Ball
2-2: Ball
3-2: SINGLE (Groundball, 6MD, EV 103.1 MPH)
Batting: RHB António González 0-0: Foul Ball, location: 2F
0-1: Ball
1-1: Ball
2-1: Ball
3-1: Fly out, F8 (Flyball, 8RD, EV 105.0 MPH)
Top of the 5th over - 0 runs, 1 hit, 0 errors, 1 left on base; San Diego 1 - Montreal 0
BOTTOM OF THE 5TH
Montreal Expos batting - Pitching for San Diego Padres : LHP Chip Sampson
Batting: RHB Felipe Rivas 0-0: Ball
1-0: Reached on error, E4 (Groundball, 34D, EV 101.3 MPH)
Batting: RHB Pedro Bautista 0-0: Called Strike
0-1: Ball
1-1: Fly out, F9 (Line Drive, 9D, EV 85.6 MPH)
Batting: LHB Mike Downs 0-0: Fielders Choice at 2nd, 3-6 (Groundball, 3, EV 84.4 MPH)
Batting: RHB Henry Treleaven 0-0: Called Strike
0-1: Ball
1-1: Swinging Strike
1-2: Foul Ball, location: 9LDF
1-2: Ball
2-2: Strikes out looking
Bottom of the 5th over - 0 runs, 0 hits, 1 error, 1 left on base; San Diego 1 - Montreal 0
TOP OF THE 6TH
San Diego Padres batting - Pitching for Montreal Expos : LHP Michael Minor
Batting: RHB Jorge Gonzáles 0-0: Called Strike
0-1: Called Strike
0-2: Ball
1-2: Ball
2-2: Strikes out swinging
Batting: RHB Carlos Núñez 0-0: Called Strike
0-1: Ball
1-1: Foul Ball, location: 3FF
1-2: Ball
2-2: Fly out, F8 (Flyball, 8LS, EV 75.6 MPH)
Batting: LHB Raúl Valenzuela 0-0: Ball
1-0: Ground out 4-3 (Groundball, 4, EV 81.9 MPH)
Top of the 6th over - 0 runs, 0 hits, 0 errors, 0 left on base; San Diego 1 - Montreal 0
BOTTOM OF THE 6TH
Montreal Expos batting - Pitching for San Diego Padres : LHP Chip Sampson
Batting: RHB Ed Basset 0-0: Foul Ball, location: 9LMF
0-1: Ball
1-1: Ball
2-1: Swinging Strike
2-2: Foul Ball, location: 2RF
2-2: Ball
3-2: Foul Ball, location: 2F
3-2: Foul Ball, location: 5F
3-2: Foul Ball, location: 5F
3-2: Base on Balls
Batting: RHB Roy López 0-0: Ball
1-0: Ball
2-0: Ball
3-0: Base on Balls
Ed Basset to second
Pinch Hitting: LHB Don Bullock 0-0: Ball
1-0: Foul Ball, location: 9LMF
1-1: Ball
2-1: Called Strike
2-2: Strikes out swinging
Batting: RHB Robin Lewis 0-0: Foul Ball, location: 7LDF
0-1: Swinging Strike
0-2: Strikes out looking
Batting: LHB Armando Torres 0-0: Ball
1-0: Foul Ball, location: 25F
1-1: Called Strike
1-2: Ball
2-2: Foul Ball, location: 7LSF
2-2: Ball
3-2: Strikes out swinging
Bottom of the 6th over - 0 runs, 0 hits, 0 errors, 2 left on base; San Diego 1 - Montreal 0
TOP OF THE 7TH
San Diego Padres batting - Pitching for Montreal Expos : LHP Michael Minor
Pitching: LHP Ernesto Rosa
Now at 1B: Pedro Bautista
Now in LF: Don Bullock
Batting: LHB Wook-jin Ki 0-0: Ball
1-0: Ball
2-0: Foul Ball, location: 3F
2-1: Ball
3-1: Swinging Strike
3-2: Base on Balls
Batting: RHB Jonathan Roehl 0-0: Sac Bunt to 13 - play at second, runner OUT! 1-6
Batting: RHB Marvin Stewart 0-0: Ball
1-0: Fly out, F8 (Flyball, 8LXD, EV 83.8 MPH)
Batting: RHB Salvador Reyes 0-0: Called Strike
0-1: Ball
1-1: Ball
2-1: Ball
3-1: Foul Ball, location: 9LSF
3-2: Foul Ball, location: 2F
3-2: Base on Balls
Jonathan Roehl to second
Batting: RHB Dave Ein 0-0: Ball
1-0: Foul Ball, location: 7LSF
1-1: Ball
2-1: Ball
3-1: Base on Balls
Jonathan Roehl to third
Salvador Reyes to second
Batting: RHB António González 0-0: Ball
1-0: Fly out, F9 (Flyball, 9LM, EV 96.3 MPH)
Top of the 7th over - 0 runs, 0 hits, 0 errors, 3 left on base; San Diego 1 - Montreal 0
BOTTOM OF THE 7TH
Montreal Expos batting - Pitching for San Diego Padres : LHP Chip Sampson
Pitching: RHP Tony Rivera
Batting: RHB Felipe Rivas 0-0: Ball
1-0: Ball
2-0: Called Strike
2-1: Ball
3-1: Base on Balls
Pinch Hitting: LHB Miguel Cháves 0-0: Called Strike
0-1: Called Strike
0-2: Fielders Choice at 2nd, 3-6 (Groundball, 3, EV 78.8 MPH)
Batting: LHB Mike Downs 0-0: Grounds into double play, 6-4-3 (Groundball, 6, EV 99.4 MPH)
Bottom of the 7th over - 0 runs, 0 hits, 0 errors, 0 left on base; San Diego 1 - Montreal 0
TOP OF THE 8TH
San Diego Padres batting - Pitching for Montreal Expos : LHP Ernesto Rosa
Pitching: RHP Martín Herrera
Now at 1B: Miguel Cháves
Batting: LHB Pedro Escobar 0-0: Ball
1-0: Ground out 5-3 (Groundball, 5, EV 77.5 MPH)
Batting: RHB Carlos Núñez 0-0: Ball
1-0: Fly out, F8 (Flyball, 78M, EV 91.3 MPH)
Batting: LHB Raúl Valenzuela 0-0: Ball
1-0: Ball
2-0: Ball
3-0: Called Strike
3-1: SINGLE (Line Drive, 4, EV 65.6 MPH)
Batting: LHB Wook-jin Ki 0-0: Ball
1-0: Foul Ball, location: 23F
1-1: Called Strike
1-2: Fly out, F8 (Flyball, 8LM, EV 85.0 MPH)
Top of the 8th over - 0 runs, 1 hit, 0 errors, 1 left on base; San Diego 1 - Montreal 0
BOTTOM OF THE 8TH
Montreal Expos batting - Pitching for San Diego Padres : RHP Tony Rivera
Batting: RHB Henry Treleaven 0-0: Ball
1-0: Ground out 5-3 (Groundball, 56, EV 79.4 MPH)
Batting: RHB Ed Basset 0-0: Ball
1-0: Fly out, F8 (Flyball, 8LD, EV 97.5 MPH)
Batting: RHB Roy López 0-0: Swinging Strike
0-1: DOUBLE (Flyball, 78XD, EV 97.5 MPH)
Batting: LHB Don Bullock 0-0: Called Strike
0-1: Swinging Strike
0-2: Ball
1-2: Ground out U3 (Groundball, 13, EV 81.9 MPH)
Bottom of the 8th over - 0 runs, 1 hit, 0 errors, 1 left on base; San Diego 1 - Montreal 0
TOP OF THE 9TH
San Diego Padres batting - Pitching for Montreal Expos : RHP Martín Herrera
Batting: RHB Jonathan Roehl 0-0: Ball
1-0: Foul Ball, location: 2F
1-1: Swinging Strike
1-2: Ball
2-2: Ball
3-2: DOUBLE (Groundball, 3L, EV 107.5 MPH)
Batting: RHB Marvin Stewart 0-0: Intentional Walk
Batting: RHB Salvador Reyes 0-0: Fly out, F7 (Flyball, 7D, EV 95.0 MPH)
Runner from 2nd tags up, SAFE at 3rd with throw by LF
Batting: RHB Dave Ein 0-0: Called Strike
0-1: Called Strike
0-2: Strikes out swinging
Batting: RHB António González 0-0: Ball
1-0: Ball
2-0: Called Strike
2-1: Foul Ball, location: 9LDF
2-2: Ball
3-2: Strikes out swinging
Top of the 9th over - 0 runs, 1 hit, 0 errors, 2 left on base; San Diego 1 - Montreal 0
BOTTOM OF THE 9TH
Montreal Expos batting - Pitching for San Diego Padres : RHP Tony Rivera
Pitching: RHP Will Clark
Batting: RHB Robin Lewis 0-0: Ball
1-0: Ball
2-0: Called Strike
2-1: SINGLE (Line Drive, 89M, EV 92.5 MPH)
Batting: LHB Armando Torres 0-0: DOUBLE (Flyball, 8RXD, EV 95.6 MPH)
Robin Lewis to third
Batting: RHB Felipe Rivas 0-0: Ball
1-0: Ball
2-0: Foul Ball, location: 9LSF
2-1: Called Strike
2-2: Ball
3-2: Strikes out swinging
Batting: LHB Miguel Cháves 0-0: Ball
1-0: Called Strike
1-1: Foul Ball, location: 2F
1-2: Strikes out swinging
Batting: LHB Mike Downs 0-0: Ball
1-0: Called Strike
1-1: Ball
2-1: Ball
3-1: Ground out 6-3 (Groundball, 6, EV 81.9 MPH)
Bottom of the 9th over - 0 runs, 2 hits, 0 errors, 2 left on base; San Diego 1 - Montreal 0
Monday, April 15th , 2024 - OOTP Baseball 24.10 Build 82